 Dungeon Crawl Stone Soup version 0.28-a0-779-g3d1f99b579 (webtiles) character file.

Game seed: 3804080941169993009

10014 horus123 the Covert (level 11, -7/54 HPs)
             Began as a Deep Elf Fire Elementalist on Nov 3, 2021.
             Was an Elder of Dithmenos.
             Mangled by a troll (9 damage)
             ... on level 2 of the Orcish Mines.
             The game lasted 00:34:02 (14519 turns).

horus123 the Covert (Deep Elf Fire Elementalist)   Turns: 14519, Time: 00:34:03

Health: -7/54      AC: 12    Str: 11    XL:     11   Next: 30%
Magic:  1/26       EV: 13    Int: 22    God:    Dithmenos [****..]
Gold:   396        SH:  0    Dex: 17    Spells: 6/29 levels left

rFire   . . .      SeeInvis .   F - +6 short sword
rCold   . . .      Faith    .   (no shield)
rNeg    . . .      Spirit   .   J - +2 robe {Archmagi}
rPois   .          Reflect  .   C - +0 helmet
rElec   .          Harm     .   o - +2 cloak
rCorr   .          Rampage  .   p - +2 pair of gloves
Will    ++...      Archmagi +   y - +0 pair of boots
Stlth   ++++++++..              v - amulet of the acrobat
HPRegen 0.18/turn               j - +6 ring of strength
MPRegen 0.20/turn               w - ring of willpower

@: wreathed by umbra
A: no striking features
a: Renounce Religion, Shadow Step


You were on level 2 of the Orcish Mines.
You worshipped Dithmenos.
Dithmenos was greatly pleased with you.
You visited 2 branches of the dungeon, and saw 12 of its levels.

You collected 786 gold pieces.
You spent 390 gold pieces at shops.

Inventory:

Hand Weapons
 n - a +3 quarterstaff of chaos
 q - a +0 short sword
 r - a +0 dagger of venom
 x - a +1 rapier
 F - a +6 short sword (weapon)
Missiles
 L - a throwing net
Armour
 a - a +0 robe
 o - a +2 cloak (worn)
 p - a +2 pair of gloves (worn)
 y - a +0 pair of boots (worn)
 C - a +0 helmet (worn)
 J - a +2 robe of the Archmagi (worn)
Jewellery
 j - a +6 ring of strength (left hand)
 k - an amulet of regeneration
 u - a ring of protection from fire
 v - an amulet of the acrobat (around neck)
 w - a ring of willpower (right hand)
Wands
 e - a wand of polymorph (17)
 A - a wand of paralysis (10)
 I - a wand of flame (11)
Scrolls
 t - a scroll of teleportation
 D - a scroll of immolation
 G - a scroll of noise
Potions
 b - a potion of ambrosia
 c - a potion of degeneration {unknown}
 d - 3 potions of heal wounds
 f - 2 potions of attraction
 g - a potion of might
 h - 4 potions of curing
 i - 2 potions of resistance
 l - 3 potions of lignification
 m - a potion of magic {unknown}
 s - 3 potions of brilliance
 z - 2 potions of mutation
Miscellaneous
 H - a phantom mirror


   Skills:
 - Level 4.0 Short Blades
 - Level 3.0 Dodging
 - Level 11.9 Stealth
 - Level 9.5 Spellcasting
 - Level 4.4 Conjurations
 - Level 3.3 Hexes
 + Level 8.9 Summonings
 - Level 10.4 Fire Magic


You had 6 spell levels left.
You knew the following spells:

 Your Spells              Type           Power      Damage    Failure   Level
a - Foxfire               Conj/Fire      100%       2x1d9     1%          1
b - Scorch                Fire           100%       2d10      1%          2
c - Flame Wave            Conj/Fire      59%        3d11      3%          4
e - Inner Flame           Hex/Fire       57%        N/A       1%          3
f - Call Canine Familiar  Summ           65%        N/A       1%          3
g - Summon Cactus Giant   Summ           32%        N/A       26%         6
h - Summon Lightning Spi  Summ/Air       45%        N/A       10%         4

Your spell library contained the following spells:

 Spells                   Type           Power      Damage    Failure   Level
 Conjure Flame            Conj/Fire      59%        6-21      1%          3
 Corpse Rot               Necr/Air       30%        N/A       10%         2
 Portal Projectile        Hex/Tloc       52%        N/A       10%         3
 Fulminant Prism          Conj/Hex       20%        3d13      13%         4
 Ozocubu's Armour         Ice            15%        N/A       19%         3
 Hailstorm                Conj/Ice       30%        3d8       26%         4
 Iskenderun's Mystic Bla  Conj/Tloc      30%        2d8       26%         4
 Leda's Liquefaction      Hex/Erth       13%        N/A       32%         4
 Dispel Undead            Necr           15%        3d10      54%         4
 Ice Form                 Ice/Tmut       15%        N/A       54%         4
 Lee's Rapid Deconstruct  Erth           7%         3d8*      87%         5
 Death Channel            Necr           7%         N/A       100%        6
 Simulacrum               Ice/Necr       7%         N/A       100%        6
 Ozocubu's Refrigeration  Ice            7%         4d6       100%        7
 Storm Form               Tmut/Air       7%         N/A       100%        7
 Maxwell's Capacitive Co  Air            7%         ∞         100%        8


Dungeon Overview and Level Annotations

Branches:
Dungeon (10/15)            Temple (0/1) D:6            Lair (0/6) D:8
    Orc (2/2) D:10
    Elf: Orc:2

Altars:
Dithmenos
Gozag
Kikubaaqudgha
Makhleb
Okawaru
Qazlal
Sif Muna
Xom
Zin
Beogh

Shops:
D:4 [   D:9 :


Message History

You finish channelling waves of flame.
You hear a shout! x7
The troll misses you. The troll barely misses you. x2
You are too depleted to draw on your mana recklessly!
You are too depleted to draw on your mana recklessly!
You don't have enough magic to cast this spell.
Okay, then.
The troll misses you. The troll closely misses you. The troll misses you.
The troll closely misses you. The troll claws you!
The troll closely misses you.
There is a stone staircase leading up here.
The troll closely misses you. The troll claws you but does no damage.
The troll misses you. The troll bites you! The troll misses you. x2
You puncture the troll!
The troll is heavily wounded.
The troll misses you. The troll barely misses you. x2
You hit the troll.
The troll is heavily wounded.
The troll bites you. The troll claws you. The troll closely misses you.
You hit the troll.
The troll is severely wounded.
The troll bites you! The troll misses you. The troll barely misses you.
You completely miss the troll.
The troll is severely wounded.
You hit the troll.
The troll is severely wounded.
The troll bites you!
* * * LOW HITPOINT WARNING * * *
The troll misses you. The troll claws you but does no damage.
You are too injured to fight recklessly!
Casting: Scorch (safe; 1% risk of failure)
Press: ? - help, Q - select action, (/) - cycle Dir - look around, f - activate You feel a surge of power!
Flames lash the troll.
The troll is almost dead.
The troll's fire resistance burns away.
The troll bites you!
* * * LOW HITPOINT WARNING * * *
The troll claws you!
You die...

....#....#
.)...... ##))).#
##.)).$#
#......####
##..<...#.##
#####..........#
#.....)....T..####
##.....##.#@.....#
#.....^####......#
#.....))#.....####
###.....##......#
##..........###
###........#
#........#
#.....#.##
##......#


You could see a troll (combustible).

Vanquished Creatures
  2 two-headed ogres (D:9)
  Urug (D:10)
  Psyche (D:10)
  A troll (Orc:1)
  A queen bee (D:10)
  A hornet (D:9)
  Sigmund (D:2)
  A vampire (D:10)
  A wyvern (D:6)
  A wraith (D:5)
  5 steam dragons
  Grum (D:10)
  3 water moccasins
  2 acid dragons (D:10)
  8 orc warriors
  A sky beast (D:6)
  2 hornet zombies
  5 necrophages
  2 ogres
  A black bear (D:6)
  2 centaurs
  2 wolves (D:10)
  3 kobold brigands
  2 scorpions (D:7)
  2 gnoll sergeants
  A wyvern skeleton (D:4)
  9 wights
  18 killer bees
  6 howler monkeys
  A bullfrog zombie (D:5)
  2 centaur zombies
  A jelly (D:4)
  5 hounds
  4 orc priests
  2 gnoll shamans
  Crazy Yiuf (D:2)
  2 centaur skeletons
  Jessica (D:2)
  5 iguanas
  8 orc wizards
  A killer bee zombie (D:8)
  2 hound skeletons (D:5)
  3 howler monkey zombies
  15 gnolls
  5 adders
  A shadow imp (D:6)
  2 white imps
  An ufetubus (D:5)
  An adder zombie (D:5)
  An adder skeleton (D:4)
  2 worms
  4 dart slugs
  42 orcs
  15 endoplasms
  4 giant cockroaches
  5 goblins
  8 hobgoblins
  26 kobolds
  5 quokkas
  6 ball pythons
  4 bats
  A frilled lizard (D:2)
  4 rats
276 creatures vanquished.

Vanquished Creatures (others)
  44 foxfires
  25 plants (D:10)
69 creatures vanquished.

Grand Total: 345 creatures vanquished

Notes
Turn   | Place    | Note
-------+----------+-------------------------------------------
     0 | D:1      | horus123 the Deep Elf Fire Elementalist began the quest for
                  | the Orb.
     0 | D:1      | Reached XP level 1. HP: 10/10 MP: 6/6
   168 | D:1      | You fall into a shaft and drop 1 floor!
   270 | D:2      | Reached XP level 2. HP: 15/15 MP: 4/8
   308 | D:2      | Noticed Sigmund
   316 | D:2      | Killed Sigmund
   317 | D:2      | Reached skill level 3 in Stealth
   317 | D:2      | Reached XP level 3. HP: 19/19 MP: 0/11
   317 | D:2      | Reached XP level 4. HP: 24/24 MP: 0/12
   317 | D:2      | Reached XP level 5. HP: 28/28 MP: 0/13
   521 | D:2      | Learned a level 2 spell: Scorch
   526 | D:2      | Learned a level 4 spell: Flame Wave
   530 | D:2      | Learned a level 3 spell: Conjure Flame
   534 | D:2      | Learned a level 3 spell: Inner Flame
   622 | D:2      | Found a runed translucent door.
   623 | D:2      | Noticed Crazy Yiuf
   741 | D:2      | Noticed Jessica
   749 | D:2      | Killed Jessica
   750 | D:2      | Reached skill level 5 in Fire Magic
  1168 | D:1      | Found a faded altar of an unknown god.
  2368 | D:2      | Reached skill level 5 in Spellcasting
  2533 | D:2      | Killed Crazy Yiuf
  2649 | D:3      | Found a shadowy altar of Dithmenos.
  2656 | D:3      | Reached XP level 6. HP: 32/32 MP: 10/15
  2765 | D:3      | Became a worshipper of Dithmenos the Shadowed
  3781 | D:4      | Reached skill level 4 in Stealth
  4108 | D:4      | Reached skill level 5 in Stealth
  4110 | D:4      | Reached skill level 6 in Stealth
  4110 | D:4      | Reached XP level 7. HP: 13/36 MP: 2/17
  4256 | D:4      | Reached skill level 7 in Stealth
  4256 | D:4      | Identified the +3 leather armour "Puicox Faani" {rN+++
                  | rCorr Str-2 Dex-5}
  4598 | D:4      | Found Kaissarch's Antique Armour Shop.
  4653 | D:4      | Reached * piety under Dithmenos
  5320 | D:4      | Reached skill level 1 in Short Blades
  5418 | D:5      | Entered Level 5 of the Dungeon
  5426 | D:5      | Reached XP level 8. HP: 41/41 MP: 7/18
  5968 | D:5      | Reached skill level 8 in Stealth
  6125 | D:5      | Found a shimmering blue altar of Sif Muna.
  6436 | D:5      | Found a stormy altar of Qazlal.
  6791 | D:5      | Reached skill level 9 in Stealth
  7041 | D:6      | Reached skill level 10 in Stealth
  7067 | D:6      | Reached ** piety under Dithmenos
  7177 | D:6      | Found a staircase to the Ecumenical Temple.
  7273 | D:6      | Reached skill level 11 in Stealth
  7273 | D:6      | Reached XP level 9. HP: 45/45 MP: 19/19
  7501 | D:6      | Found an iron altar of Okawaru.
  8270 | D:7      | Found an ancient bone altar of Kikubaaqudgha.
  9144 | D:8      | Reached *** piety under Dithmenos
  9238 | D:8      | Identified the +8 hunting sling of the Hierophant {vorpal,
                  | SInv}
  9337 | D:8      | Found a staircase to the Lair.
  9472 | D:8      | Reached skill level 10 in Fire Magic
  9473 | D:8      | Reached XP level 10. HP: 46/50 MP: 9/20
 10425 | D:9      | Noticed a two-headed ogre
 10438 | D:9      | Killed a two-headed ogre
 10700 | D:9      | Noticed a two-headed ogre
 10705 | D:9      | Killed a two-headed ogre
 10961 | D:9      | Found Deoticeiho's Book Shoppe.
 10964 | D:9      | Bought a book of Scorching for 390 gold pieces
 11134 | D:9      | Reached skill level 1 in Hexes
 11447 | D:9      | Learned a level 3 spell: Call Canine Familiar
 11595 | D:9      | Found a shimmering altar of Xom.
 11683 | D:10     | Entered Level 10 of the Dungeon
 11688 | D:10     | Reached skill level 1 in Summonings
 11688 | D:10     | Noticed Psyche
 11695 | D:10     | Killed Psyche
 11879 | D:10     | Reached skill level 5 in Summonings
 12125 | D:10     | Noticed Urug
 12133 | D:10     | Learned a level 6 spell: Summon Cactus Giant
 12142 | D:10     | Killed Urug
 12143 | D:10     | Reached XP level 11. HP: 11/54 MP: 11/26
 12500 | D:10     | Learned a level 4 spell: Summon Lightning Spire
 12776 | D:10     | Noticed Grum
 12785 | D:10     | Killed Grum
 12868 | D:10     | Found a burning altar of Makhleb.
 12868 | D:10     | Found a glowing silver altar of Zin.
 12869 | D:10     | Noticed an angel
 12869 | D:10     | Noticed a cacodemon
 12893 | D:10     | Reached **** piety under Dithmenos
 13007 | D:10     | Found an opulent altar of Gozag.
 13083 | D:10     | Found a staircase to the Orcish Mines.
 13625 | Orc:1    | Entered Level 1 of the Orcish Mines
 14359 | Orc:2    | Entered Level 2 of the Orcish Mines
 14519 | Orc:2    | HP: 2/54 [troll (10)]
 14519 | Orc:2    | Mangled by a troll

Illustrated notes

Levels and vault maps discovered:
D:1:      elethiomel_arrival_maze, layout_basic,
          dreamdust_ecumenical_altar_statues, minmay_pentomino_p2
D:2:      layout_basic, uniq_crazy_yiuf_cottage, uniq_sigmund, uniq_jessica
D:3:      minmay_recursive_quarters, layout_basic,
          nicolae_dithmenos_shadow_blocks
D:4:      layout_loops_cross, serial_shops, shop, minmay_joined_circles
D:5:      layout_basic, marbit_many_paths, mainiacjoe_overflow_alcove_1,
          serial_rivers, chequers_serial_rivers_micro_b,
          chequers_serial_rivers_large_a, chequers_serial_rivers_micro_c,
          chequers_serial_rivers_room_a, chequers_serial_rivers_small_3,
          amcnicky_mini_corridor_feature, minivault_14,
          chequers_serial_rivers_marsh, dk_noncrumbling_2,
          kennysheep_generic_room_3
D:6:      layout_cave_pools, kennysheep_okawaru_gauntlet,
          minmay_temple_entry_mist, grunt_decor_mini_mirrors
D:7:      layout_basic, kiku_gazebo_garden_becter
D:8:      layout_loops_cross, lair_entry_dummy
D:9:      layout_basic, mainiacjoe_overflow_alcove_2, serial_shops,
          kennysheep_mini_moat
D:10:     cheibrodos_steamvent, layout_basic, mainiacjoe_overflow_24_doors,
          grunt_temple_overflow_order_and_chaos_2,
          nicolae_looking_at_the_future, uniq_urug, uniq_psyche, uniq_grum
Orc:1:    layout_caves, basic_altar, minmay_orc_treasury
Orc:2:    st_orc_congregation, layout_diamond_mine

Skill      XL: |  1  2  3  4  5  6  7  8  9 10 11 |
---------------+----------------------------------+-----
Dodging        | 3 |  3.0
Stealth        | 3 6 7 11 | 11.9
Spellcasting   | 4 5 9 |  9.5
Conjurations   | 2 4 |  4.4
Fire Magic     | 4 5 10 | 10.4
Short Blades   | 2 4 |  4.0
Hexes          | 3 |  3.3
Summonings     | 6 8 |  8.9

Action                   |  1- 3 |  4- 6 |  7- 9 | 10-12 || total
-------------------------+-------+-------+-------+-------++-------
Melee: Short sword       |       |     1 |    22 |    28 ||    51
       Rapier            |       |       |    64 |       ||    64
 Cast: Foxfire           |    20 |     3 |     1 |       ||    24
       Scorch            |       |    88 |   133 |    71 ||   292
       Flame Wave        |       |     2 |     8 |    21 ||    31
  Use: Scroll            |       |     4 |    10 |    12 ||    26
       Potion            |       |       |     1 |       ||     1
 Stab: Sleeping          |       |       |    19 |     9 ||    28
       Distracted        |       |       |     3 |       ||     3
Armor: Robe              |       |     9 |    32 |    30 ||    71
Dodge: Dodged            |     1 |    37 |   153 |   106 ||   297

Table legend: (Time is in decaauts)
 A = Elapsed time spent in this place.
 B = Non-inter-level travel time spent in this place.
 C = Inter-level travel time spent in this place.
 D = Time resting spent in this place.
 E = Time spent auto-exploring this place.
 F = Levels seen in this place.
 G = Mean time per level.
                   A        B        C        D        E       F      G
               +--------+--------+--------+--------+--------+-----+--------+
         Total |  14553 |  13875 |    678 |   2872 |   9288 |  12 | 1212.8 |
       Dungeon |  13956 |  13307 |    649 |   2639 |   9085 |  10 | 1395.6 |
  Orcish Mines |    597 |    568 |     29 |    233 |    203 |   2 |  298.5 |
               +--------+--------+--------+--------+--------+-----+--------+

Top non-repeatable levels by time:
    D:10: 2035 daAuts
     D:9: 1598 daAuts
     D:5: 1586 daAuts
     D:4: 1511 daAuts
     D:2: 1489 daAuts
     D:3: 1350 daAuts
     D:8: 1322 daAuts
     D:7: 1176 daAuts
     D:1: 1119 daAuts
     D:6: 768 daAuts
   Orc:1: 438 daAuts
   Orc:2: 158 daAuts
